Map: Bridgehead LE (Void)

Players

wabbajack - Winner!

  • Race: Terran Terran
  • League: Gold

VOD

Have the link to the VOD?

Description

Time

  • Played on: July 17, 2015, 4:30 p.m.
  • Length: 5:19
Show
View Real Time Build Order
Export as new Build Order

wabbajack Terran - Winner!

Build Orders:  

Get SALT Encoding   

  12  0:03  SCV  
  12  0:15  SCV  
  12  0:18  Supply Depot  
  12  0:27  SCV  
  12  0:33  Refinery  
  12  0:40  SCV  
  12  0:46  Barracks  
  12  0:52  SCV  
  12  1:04  SCV  
  12  1:09  Barracks  
  12  1:16  SCV  
  12  1:34  Marine, Orbital Command  
  12  1:40  Refinery  
  12  1:46  Supply Depot  
  12  1:58  Barracks Reactor, Factory  
  12  2:00  SCV  
  12  2:16  Barracks Tech Lab  
  12  2:19  SCV  
  12  2:31  SCV  
  12  2:39  Marauder, Marine x2  
  12  2:43  SCV  
  12  2:44  Starport  
  12  2:47  Factory Reactor  
  12  2:55  SCV  
  12  2:57  Supply Depot  
  12  3:00  Armory  
  12  3:07  SCV  
  12  3:10  Supply Depot  
  12  3:12  Marine  
  12  3:19  Marine  
  12  3:22  Marauder  
  12  3:27  Hellion  
  12  3:28  Hellion  
  12  3:44  Medivac x2  
  12  3:47  Marauder  
  12  3:51  Hellion  
  12  3:52  Marine  
  12  3:59  Supply Depot  
  12  4:38  Command Center  
  12  4:50  Command Center  
  12  4:51  Barracks Tech Lab  
Tags
 
Add a new tag
Caveats
  • Supply blocks, unpowered buildings, or Contaminate may cause inaccurate times.
  • Supply counts are checked every 10 seconds.